 Dungeon Sprint DCSS version 0.29.0-11-gd7f09526c8 (webtiles) character file.

Game seed: 6760828424743258202

14 NinjaNoafa the Demonic Disaster (level 2, 0/24 HPs)
             Began as a Demonspawn Monk on Sept 6, 2022.
             Was a Believer of Qazlal.
             Killed by nerve-wracking pain
             ... invoked by a shadow imp
              (7 damage)
             ... in the Dungeon (Sprint V: "Ziggurat Sprint").
             The game lasted 00:01:44 (219 turns).

NinjaNoafa the Demonic Disaster (Demonspawn Monk)    Turns: 219, Time: 00:01:44

Health: 0/24       AC: 25    Str: 11    XL:     2   Next: 27%
Magic:  10/13      EV:  2    Int: 17    God:    Qazlal [**....]
Gold:   0          SH:  2    Dex: 27    Spells: 1/1 levels left

rFire   . . .      SeeInvis .   B - +6 Majin-Bo {vamp, MP+6 Int+6}
rCold   . . .      Faith    .   (shield currently unavailable)
rNeg    . . .      Spirit   .   l - +15 Maxwell's patent armour {-Cast -Tele rElec Will+ rCorr}
rPois   .          Reflect  .   (helmet restricted)
rElec   +          Harm     .   (no cloak)
rCorr   +          Rampage  .   (no gloves)
Will    +....      NoTele   +   (no boots)
Stlth   .......... NoCast   +   (no amulet)
HPRegen 0.08/turn               s - +6 ring of dexterity
MPRegen 0.13/turn               t - +6 ring of dexterity

@: no status effects
A: horns 1
a: Renounce Religion, Upheaval


You were in the Dungeon.
You worshipped Qazlal.
Qazlal was pleased with you.
You visited 1 branch

Inventory:

Hand Weapons
 B - the +6 Majin-Bo (weapon) {vamp, MP+6 Int+6}
   (You found it in the Dungeon)

   It heals its wielder for a portion of the damage dealt when they wound a
   living foe with it or with a spell.
   Its wielder's spells cost health as well as magical power.
   Int:       It affects your intelligence (+6).
   MP:        It affects your magic capacity (+6).
Armour
 l - the +15 Maxwell's patent armour (worn) {-Cast -Tele rElec Will+ rCorr}
   (You found it in the Dungeon)

   rElec:     It insulates you from electricity.
   -Cast:     It prevents spellcasting.
   -Tele:     It prevents most forms of teleportation.
   rCorr:     It protects you from acid and corrosion.
   Will:      It increases your willpower.
Jewellery
 r - a ring of flight
 s - a +6 ring of dexterity (left hand)
 t - a +6 ring of dexterity (right hand)
 u - a +6 ring of intelligence
 v - a +6 ring of intelligence
 w - a +6 ring of strength
 x - a +6 ring of strength
Wands
 z - a wand of mindburst (7)
 A - a wand of acid (7)
Scrolls
 h - 4 scrolls of blinking
 n - 4 scrolls of amnesia
 o - 7 scrolls of butterflies
 p - 5 scrolls of identify
 q - 2 scrolls of fear
Potions
 b - a potion of ambrosia
 c - 10 potions of curing
 d - 10 potions of heal wounds
 e - 6 potions of haste
 f - 7 potions of magic
 g - 3 potions of berserk rage
 i - 2 potions of brilliance
 j - 2 potions of invisibility
 k - 4 potions of resistance
 m - 5 potions of might
Miscellaneous
 y - a lightning rod (4/4)


   Skills:
 - Level 3.0 Fighting
 - Level 2.6 Dodging
 - Level 1.7 Stealth
 - Level 2.6 Unarmed Combat
 + Level 9.9 Invocations


You had one spell level left.
You didn't know any spells.
Your spell library was empty.

Dungeon Overview and Level Annotations

Branches:
Dungeon (1/1)

Altars:
Ashenzari
Cheibriados
Dithmenos
Fedhas
Gozag
Hepliaklqana
Kikubaaqudgha
Makhleb
Nemelex Xobeh
Okawaru
Qazlal
Ru
Sif Muna
Trog
Uskayaw
Vehumet
Wu Jian
Xom
Yredelemnul
Jiyva
Lugonu

Annotations:
D 1 transporter


Innate Abilities, Weirdness & Mutations

You have a pair of small horns on your head.


Message History

Partly explored, unvisited transporter.
Partly explored, unvisited transporter.
Okay, then.
There is a transporter here.
Welcome to arena 1.
You enter the transporter and appear at another place.
An ufetubus and a shadow imp come into view.
The ufetubus shouts!
Found a +6 ring of strength and a +3 plate armour of cold resistance.
Found a transporter.
The ufetubus hits you but does no damage. x2
The shadow imp shouts, "Give up, thou peeagling ill-breeding bandersnitch!"
The shadow imp hits you but does no damage.
You block the ufetubus's attack. The ufetubus hits you.
Aiming: Upheaval
Press: ? - help, Dir - move target, f - ufetubus
Aim: an ufetubus That beam is likely to hit you.
Continue anyway?
Okay, then.
The shadow imp attacks as you move away!
The shadow imp hits you but does no damage.
Aiming: Upheaval
Press: ? - help, Dir - move target, f/p - ufetubus
Aim: an ufetubus That beam is likely to hit you.
Continue anyway?
Magma suddenly erupts from the ground!
The blast of magma engulfs you!
Ouch! That really hurt!
* * * LOW HITPOINT WARNING * * *
The blast of magma engulfs the ufetubus!!
The ufetubus is burned terribly!
You kill the ufetubus!
Qazlal accepts your kill.
The shadow imp hits you but does no damage.
The shadow imp hits you but does no damage.
There is a transporter landing site here.
You closely miss the shadow imp. The shadow imp gestures at you.
Pain shoots through your body!
You die...

▓▓▓▓▓▓▓
▓.8©8.▓
▓.....▓
▓.[.=.▓
▓.....▓
▓.≈5..▓
▓≈.@☼.▓
▓▓▓▓▓▓▓


You could see a shadow imp.

Vanquished Creatures
  An ufetubus (D)
1 creature vanquished.

Notes
Turn   | Place    | Note
-------+----------+-------------------------------------------
     0 | D        | NinjaNoafa the Demonspawn Monk began the quest for the Orb.
     0 | D        | Reached XP level 1. HP: 18/18 MP: 1/1
     0 | D        | Found a shimmering blue altar of Sif Muna.
     0 | D        | Found a sacrificial altar of Ru.
     0 | D        | Found a bloodstained altar of Trog.
     0 | D        | Found a stormy altar of Qazlal.
     0 | D        | Found an iron altar of Okawaru.
     0 | D        | Found a sparkling altar of Nemelex Xobeh.
     0 | D        | Found a blossoming altar of Fedhas.
     0 | D        | Found the +6 Majin-Bo {vamp, MP+6 Int+6}
     0 | D        | Found the +9 heavy crossbow "Sniper" {vorpal, Acc+∞ SInv}
     0 | D        | Found the +10 dark maul {vorpal}
     0 | D        | Found the +15 Maxwell's patent armour {-Cast -Tele rElec
                  | Will+ rCorr}
     0 | D        | Found the +18 shield of the Gong {rElec rN+ Will+ EV-5}
     0 | D        | Found the +14 obsidian axe {vorpal, Mesm Drain Fly SInv}
     0 | D        | Found the +7 great mace "Firestarter" {inner flame, rF++}
     0 | D        | Found the +6 shillelagh "Devastator" {shatter}
     0 | D        | Found the +11 plutonium sword {Contam Stlth-}
     0 | D        | Found the +8 lance "Wyrmbane" {slay drac, rPois rF+ rC+
                  | AC+3}
     0 | D        | Found the +9 sword of Zonguldrok {reap}
     0 | D        | Found the +13 scythe of Curses {drain, Drain}
     0 | D        | Found the +5 sword of Power {vorpal}
     0 | D        | Found the +7 mace of Variability {chain chaos}
     0 | D        | Found the +7 Singing Sword {vorpal, sonic wave}
     0 | D        | Found the +8 storm bow {elec, penet}
     2 | D        | Found a transporter.
     2 | D        | Found an ancient bone altar of Kikubaaqudgha.
     2 | D        | Found a viscous altar of Jiyva.
     2 | D        | Found a corrupted altar of Lugonu.
     2 | D        | Found a hazy altar of Hepliaklqana.
     2 | D        | Found a burning altar of Makhleb.
     2 | D        | Found an opulent altar of Gozag.
    48 | D        | Became a worshipper of Qazlal Stormbringer
    48 | D        | Reached * piety under Qazlal
    48 | D        | Reached ** piety under Qazlal
   104 | D        | Reached skill level 9 in Invocations
   104 | D        | Gained mutation: You have a pair of small horns on your
                  | head. [demonic ancestry]
   104 | D        | Reached XP level 2. HP: 24/24 MP: 7/7
   214 | D        | Entered arena 2.
   214 | D        | Found a transporter.
   219 | D        | Killed from afar by a shadow imp

Illustrated notes

Levels and vault maps discovered:
D:        sprint_v [room_start, room_1, room_2, room_3, room_4, room_5, room_6,
          room_7, room_8, room_9, room_10, room_11, room_12, room_13, room_14,
          room_15, room_16, room_17, room_18, room_19, room_20, room_21,
          room_22, room_23, room_24, room_25, room_26, room_27]

Skill      XL: |  1 |
---------------+----+-----
Invocations    | 9 |  9.9
Fighting       | |  3.0
Dodging        | |  2.6
Stealth        | |  1.7
Unarmed Combat | |  2.6

Action                   || total
-------------------------++-------
Melee: Quarterstaff      ||     1
Invok: Upheaval          ||     1
  Use: Potion            ||     1
Armor: Plate armour      ||     6
Block: Other             ||     1
